[Event "Titled Tuesday Blitz July 11 Late 2023"]
[White "Karttunen, Mika"]
[Black "Pinero Rodriguez, Carlos Jose"]
[WhiteFideId "502081"]
[BlackFideId "3901726"]
[WhiteElo "2564"]
[BlackElo "2419"]
[Result "0-1"]
[Round "6"]
[TimeControl "180+2"]
[Date "2023.07.11"]
[WhiteClock "0:00:00"]
[BlackClock "0:00:18"]
[Board "72"]

1. d4 Nf6 2. c4 e6 3. g3 Bb4+ 4. Bd2 Qe7 5. Nf3 O-O 6. Bg2 Bxd2+ 7. Nbxd2 d6 8. O-O e5 9. e3 c6 10. Qb3 Nbd7 11. Qa3 Re8 12. Rac1 h6 13. dxe5 dxe5 14. c5 Nf8 15. Nc4 Ng6 16. Nd6 Rd8 17. Nd2 Be6 18. Rfd1 Ne8 19. N2e4 f5 20. Nxe8 Qxe8 21. Nd6 Qe7 22. f4 e4 23. Bh3 Rf8 24. Rd2 Nh8 25. Rcd1 g6 26. Bf1 Nf7 27. Nc4 a6 28. b4 Rad8 29. Qc3 Rxd2 30. Qxd2 Rd8 31. Nd6 Nxd6 32. cxd6 Qf6 33. a4 Bd5 34. b5 axb5 35. axb5 Rxd6 36. Qa5 Qd8 37. b6 Kg7 38. Qc3+ Qf6 39. Qa5 Rd7 40. Qc5 Qe7 41. Qd4+ Qf6 42. Qb4 g5 43. fxg5 hxg5 44. Rd2 Kg6 45. Rf2 Qe5 46. Bh3 g4 47. Bf1 Qd6 48. Qd4 Qf6 49. Qa4 Bf7 50. Qa8 Qd8 51. Qa7 c5 52. Qa5 Qe7 53. h3 gxh3 54. Bxh3 Be6 55. Qa8 Rd8 56. Qa1 Qg5 57. Qe5 Qf6 58. Qf4 Rh8 0-1


[Site "https://www.chess.com"]

[Event "Titled Tuesday Blitz July 11 Late 2023"]
[White "Taranenko, Evgueniy"]
[Black "FromTexas54"]
[WhiteFideId "14122138"]
[WhiteElo "2442"]
[BlackElo "2562"]
[Result "0-1"]
[Round "6"]
[TimeControl "180+2"]
[Date "2023.07.11"]
[WhiteClock "0:00:19"]
[BlackClock "0:00:17"]
[Board "73"]

1. e4 e5 2. Nf3 Nc6 3. Bc4 Bc5 4. O-O Nf6 5. d4 Bxd4 6. Nxd4 Nxd4 7. f4 d6 8. fxe5 dxe5 9. Bg5 Be6 10. Na3 Bxc4 11. Nxc4 Ne6 12. Bxf6 gxf6 13. Ne3 c6 14. Nc4 Qxd1 15. Raxd1 Ke7 16. Nd6 Rhd8 17. Nf5+ Kf8 18. c3 Nc5 19. Nd6 Ke7 20. Nf5+ Kf8 21. Nd6 Rd7 22. b4 Na4 23. c4 Rad8 24. c5 b6 25. Rxf6 bxc5 26. bxc5 Nxc5 27. Rc1 Rxd6 28. Rxd6 Rxd6 29. Rxc5 Rd1+ 30. Kf2 Rd2+ 31. Kf3 Rxa2 32. Rxc6 Ke7 33. h4 h5 34. Rc5 Kd6 35. Rb5 Ra3+ 36. Kf2 f6 37. Rb8 Kc5 38. Rd8 a5 39. Rf8 Kd4 40. Rxf6 Kxe4 41. Rh6 Ra2+ 42. Kg3 Ra3+ 43. Kh2 Kd3 44. Rxh5 e4 45. Rd5+ Kc4 46. Re5 Kd4 47. Re8 e3 48. Kg3 Ra1 49. Kf3 Rf1+ 50. Kg3 Kd3 51. h5 e2 52. Rd8+ Kc4 53. Rc8+ Kb5 54. Re8 e1=Q+ 55. Rxe1 Rxe1 56. Kf4 a4 57. g4 a3 58. g5 a2 59. g6 a1=Q 60. Kg5 Qe5+ 61. Kh6 Qh8+ 62. Kg5 Re5+ 63. Kf4 Qxh5 64. g7 Qf5+ 65. Kg3 Qg5+ 66. Kf3 Qxg7 67. Kf4 Qf6+ 68. Kg4 Rg5+ 69. Kh3 Qh6# 0-1


[Site "https://www.chess.com"]

[Event "Titled Tuesday Blitz July 11 Late 2023"]
[White "Harriott, Tyrell"]
[Black "Chen, Max"]
[WhiteFideId "2086484"]
[BlackFideId "2622440"]
[WhiteElo "2397"]
[BlackElo "2560"]
[Result "0-1"]
[Round "6"]
[TimeControl "180+2"]
[Date "2023.07.11"]
[WhiteClock "0:00:59"]
[BlackClock "0:00:53"]
[Board "74"]

1. d4 Nf6 2. e3 g6 3. Bd3 b6 4. f4 Bb7 5. Nf3 c5 6. O-O Bg7 7. Nbd2 O-O 8. f5 d6 9. Qe1 Nc6 10. Qh4 Nb4 11. fxg6 hxg6 12. Ng5 Re8 13. Bc4 d5 14. Bb3 Ba6 15. c3 Bxf1 16. cxb4 Bd3 17. bxc5 bxc5 18. dxc5 Qc7 19. Bxd5 Nxd5 20. b3 Qe5 21. Rb1 Qxe3+ 22. Kh1 Bxb1 23. Bb2 e5 24. Ndf3 Qe2 25. Bxe5 Qf1+ 26. Ng1 Rxe5 27. Qh7+ Kf8 28. Qh4 Re2 29. Qg3 Rae8 30. Nf3 Ne3 31. Qd6+ Kg8 32. Qg3 Rxg2 33. c6 Rxg1+ 34. Qxg1 Qxf3+ 35. Qg2 Qxg2# 0-1


[Site "https://www.chess.com"]

[Event "Titled Tuesday Blitz July 11 Late 2023"]
[White "Moral Garcia, Serafin"]
[Black "Todorovic, Bojan"]
[WhiteFideId "2201925"]
[BlackFideId "917087"]
[WhiteElo "2554"]
[BlackElo "2395"]
[Result "0-1"]
[Round "6"]
[TimeControl "180+2"]
[Date "2023.07.11"]
[WhiteClock "0:00:39"]
[BlackClock "0:00:01"]
[Board "75"]

1. c4 g6 2. Nc3 Bg7 3. g3 Nf6 4. Bg2 O-O 5. d3 c6 6. e4 d6 7. Nge2 Nbd7 8. Be3 a6 9. h3 b5 10. Qd2 bxc4 11. dxc4 Qc7 12. b3 Bb7 13. O-O Rfd8 14. Qc2 e5 15. Rfd1 Nc5 16. b4 Ne6 17. a4 a5 18. b5 c5 19. Nd5 Nxd5 20. cxd5 Nf8 21. Nc1 Nd7 22. Nb3 Nb6 23. Nd2 f5 24. f3 f4 25. Bf2 fxg3 26. Bxg3 Bh6 27. Ra3 Rf8 28. Nc4 Nxc4 29. Qxc4 Bf4 30. Bf2 Qe7 31. h4 Qg7 32. Bh3 Bc8 33. Bxc8 Raxc8 34. b6 Rb8 35. Rb3 g5 36. hxg5 Qxg5+ 37. Kf1 Bg3 38. Qe2 Kh8 39. Qe3 Qh4 40. Bxg3 Qxg3 41. Qf2 Qg5 42. Ke2 Qf4 43. Rg1 Rf7 44. Rg4 Qh6 45. Rb1 Qf6 46. Qg3 Rff8 47. b7 Qf7 48. Rb6 Rxb7 49. Rxd6 Rb2+ 50. Kd3 Qxf3+ 51. Qxf3 Rxf3+ 52. Kc4 Rb4+ 53. Kxc5 Rc3# 0-1


[Site "https://www.chess.com"]

[Event "Titled Tuesday Blitz July 11 Late 2023"]
[White "Michalczak, Thomas"]
[Black "Semenenko, Dmytry"]
[WhiteFideId "4622634"]
[BlackFideId "14118645"]
[WhiteElo "2552"]
[BlackElo "2371"]
[Result "1-0"]
[Round "6"]
[TimeControl "180+2"]
[Date "2023.07.11"]
[WhiteClock "0:00:24"]
[BlackClock "0:00:02"]
[Board "76"]

1. e4 Nf6 2. e5 Nd5 3. d4 d6 4. Nf3 Bg4 5. Be2 c6 6. c4 Nb6 7. a4 a5 8. Nbd2 g6 9. O-O Bg7 10. h3 Bf5 11. exd6 exd6 12. Re1 O-O 13. b3 c5 14. Bb2 Nc6 15. Nf1 Be4 16. N1h2 Re8 17. Qd2 Qf6 18. Ng4 Qf5 19. Nh6+ Bxh6 20. Qxh6 Bxf3 21. dxc5 Ne5 22. cxb6 Bxe2 23. Rxe2 f6 24. Rae1 Qd3 25. Re3 Qd2 26. Bc3 Qc2 27. f4 Nf3+ 28. gxf3 Rxe3 29. Rxe3 Qc1+ 30. Kf2 Qc2+ 31. Kg3 Qc1 32. Re1 Qc2 33. Re7 1-0


[Site "https://www.chess.com"]

[Event "Titled Tuesday Blitz July 11 Late 2023"]
[White "Keleberda, Tymur"]
[Black "Gerbelli Neto, Eduardo"]
[WhiteFideId "14174294"]
[BlackFideId "2103281"]
[WhiteElo "2550"]
[BlackElo "2347"]
[Result "1-0"]
[Round "6"]
[TimeControl "180+2"]
[Date "2023.07.11"]
[WhiteClock "0:02:41"]
[BlackClock "0:01:08"]
[Board "77"]

1. e4 e5 2. Nf3 Nc6 3. Bc4 Nf6 4. d4 exd4 5. e5 d5 6. Bb5 Ne4 7. Nxd4 Bc5 8. Be3 O-O 9. Nxc6 bxc6 10. Bxc5 Nxc5 11. Bxc6 Rb8 12. Qxd5 Qe7 13. O-O Rxb2 14. Nc3 Rd8 15. Qf3 Rxc2 16. Rad1 Rcd2 17. Nd5 Qg5 18. Rxd2 Qxd2 19. Rd1 Qg5 20. Nf6+ gxf6 21. Rxd8+ Kg7 22. Qxf6+ 1-0


[Site "https://www.chess.com"]

[Event "Titled Tuesday Blitz July 11 Late 2023"]
[White "Yelisieiev, Yevhenii"]
[Black "rionelG"]
[WhiteFideId "14139642"]
[WhiteElo "2539"]
[BlackElo "2278"]
[Result "1-0"]
[Round "6"]
[TimeControl "180+2"]
[Date "2023.07.11"]
[WhiteClock "0:01:31"]
[BlackClock "0:00:12"]
[Board "78"]

1. d4 Nf6 2. Nf3 g6 3. g3 Bg7 4. Bg2 O-O 5. O-O d6 6. b3 Nbd7 7. Bb2 e5 8. dxe5 Ng4 9. c4 Ngxe5 10. Nc3 Re8 11. Qd2 Nxf3+ 12. exf3 Nc5 13. Nd5 c6 14. Bxg7 Kxg7 15. Qd4+ f6 16. Nc3 Bf5 17. Rad1 Qb6 18. g4 Be6 19. g5 Rf8 20. Qxd6 fxg5 21. b4 Qxb4 22. Ne4 Bxc4 23. Nxc5 Bxf1 24. Ne6+ Kh6 25. Qxb4 1-0


[Site "https://www.chess.com"]

[Event "Titled Tuesday Blitz July 11 Late 2023"]
[White "Navyblue1"]
[Black "Hajiyev, Kanan"]
[BlackFideId "13404148"]
[WhiteElo "1869"]
[BlackElo "2537"]
[Result "0-1"]
[Round "6"]
[TimeControl "180+2"]
[Date "2023.07.11"]
[WhiteClock "0:00:00"]
[BlackClock "0:00:08"]
[Board "79"]

1. d4 Nf6 2. c4 e6 3. Nc3 Bb4 4. Nf3 O-O 5. g3 Ne4 6. Qc2 d5 7. cxd5 exd5 8. Bd2 Bf5 9. Qc1 c5 10. Bg2 Nc6 11. dxc5 Nxd2 12. Nxd2 Nd4 13. e4 dxe4 14. a3 Bxc5 15. O-O Rc8 16. Qd1 Re8 17. Ndxe4 Bb6 18. Re1 h6 19. Rc1 a6 20. h4 Qd7 21. Qd3 Rcd8 22. Qf1 Nb3 23. Rcd1 Qc8 24. Kh1 Qb8 25. Kh2 Qa7 26. f3 Nd4 27. Kh1 Be6 28. Rd2 Nb3 29. Rxd8 Rxd8 30. Rd1 Rc8 31. Qe2 Nd4 0-1


[Site "https://www.chess.com"]

[Event "Titled Tuesday Blitz July 11 Late 2023"]
[White "Sala, Giulia"]
[Black "Khanin, Semen"]
[WhiteFideId "2840451"]
[BlackFideId "4111990"]
[WhiteElo "2256"]
[BlackElo "2751"]
[Result "0-1"]
[Round "6"]
[TimeControl "180+2"]
[Date "2023.07.11"]
[WhiteClock "0:01:05"]
[BlackClock "0:00:55"]
[Board "80"]

1. e4 c6 2. d4 d5 3. exd5 cxd5 4. Bd3 Nc6 5. c3 Nf6 6. Bf4 Bg4 7. Qb3 Qd7 8. Nd2 e6 9. Ngf3 Bxf3 10. Nxf3 Bd6 11. Bxd6 Qxd6 12. O-O O-O 13. Rae1 Nd7 14. Qd1 g6 15. h4 Rfe8 16. h5 e5 17. dxe5 Ndxe5 18. Nxe5 Nxe5 19. Bc2 Re6 20. Qd4 Rae8 21. Rd1 gxh5 22. Qxd5 Qe7 23. Rfe1 h4 24. Re4 Rg6 25. Rxe5 Qxe5 26. Bxg6 hxg6 27. Qxe5 Rxe5 28. Rd7 Re1+ 29. Kh2 Re2 30. Rxb7 Rxf2 31. a4 g5 32. Kh3 Kg7 33. b4 Kg6 34. Rxa7 f5 35. a5 Rf1 36. Kh2 g4 37. a6 g3+ 38. Kh3 Rh1# 0-1


[Site "https://www.chess.com"]

[Event "Titled Tuesday Blitz July 11 Late 2023"]
[White "Santos Flores, Alberto"]
[Black "Nazari, Arad"]
[WhiteFideId "3601234"]
[BlackFideId "12577324"]
[WhiteElo "2515"]
[BlackElo "2703"]
[Result "1-0"]
[Round "6"]
[TimeControl "180+2"]
[Date "2023.07.11"]
[WhiteClock "0:01:16"]
[BlackClock "0:00:00"]
[Board "81"]

1. e4 c5 2. Nf3 d6 3. Bb5+ Nd7 4. d4 cxd4 5. Qxd4 a6 6. Bxd7+ Bxd7 7. Nc3 e5 8. Qd3 Nf6 9. Bg5 Be7 10. Bxf6 gxf6 11. Nd5 Rc8 12. c3 Rg8 13. Nh4 Be6 14. g3 Rc6 15. O-O Qd7 16. Rad1 Bg4 17. f3 Bh3 18. Rfe1 Bd8 19. b4 b5 20. a4 bxa4 21. c4 Be6 22. Nf5 h5 23. b5 axb5 24. cxb5 Rc5 25. Nxd6+ Kf8 26. Qa3 1-0


[Site "https://www.chess.com"]

[Event "Titled Tuesday Blitz July 11 Late 2023"]
[White "Rosen, Eric"]
[Black "Papayan, Oleg"]
[WhiteFideId "2032562"]
[BlackFideId "4193911"]
[WhiteElo "2690"]
[BlackElo "2506"]
[Result "1-0"]
[Round "6"]
[TimeControl "180+2"]
[Date "2023.07.11"]
[WhiteClock "0:00:13"]
[BlackClock "0:00:00"]
[Board "82"]

1. e4 c5 2. Nf3 Nc6 3. b4 Nxb4 4. c3 Nc6 5. d4 cxd4 6. cxd4 d5 7. Nc3 e6 8. e5 Bb4 9. Bd2 Nge7 10. Bd3 Nf5 11. Bxf5 exf5 12. Ne2 O-O 13. O-O Bxd2 14. Qxd2 Be6 15. h4 Qa5 16. Qe3 Rfc8 17. h5 h6 18. a3 Nd8 19. Qf4 Rc2 20. Ng3 Rac8 21. Nxf5 Bxf5 22. Qxf5 Ne6 23. a4 Qc3 24. Rad1 Qa3 25. Ra1 Qc3 26. Rad1 Qa3 27. Rd3 R2c3 28. Rxc3 Qxc3 29. Rb1 b6 30. Rb5 Qc4 31. Qg4 Rc7 32. Kh2 Qxa4 33. Rxd5 Rd7 34. Rxd7 Qxd7 35. Qe4 b5 36. d5 Nc5 37. Qd4 Na4 38. g4 a5 39. Kg3 b4 40. g5 1-0


[Site "https://www.chess.com"]

[Event "Titled Tuesday Blitz July 11 Late 2023"]
[White "Martinez Reyes, Pedro Ramon"]
[Black "Nefedov, Sergey"]
[WhiteFideId "3901807"]
[BlackFideId "24113417"]
[WhiteElo "2504"]
[BlackElo "2662"]
[Result "1-0"]
[Round "6"]
[TimeControl "180+2"]
[Date "2023.07.11"]
[WhiteClock "0:00:20"]
[BlackClock "0:00:09"]
[Board "83"]

1. g4 d5 2. Bg2 c6 3. h3 e5 4. d3 Bd6 5. Nc3 Ne7 6. e4 d4 7. Nce2 h5 8. g5 Ng6 9. h4 Bg4 10. Bd2 Nd7 11. Bf3 Bxf3 12. Nxf3 Nc5 13. Ng3 Ne6 14. Nf5 Qc7 15. Ng1 O-O-O 16. Ne2 Ne7 17. Neg3 g6 18. Nxe7+ Qxe7 19. Qe2 Bb4 20. O-O-O Bxd2+ 21. Qxd2 Qc5 22. Kb1 a5 23. Ne2 a4 24. a3 Qd6 25. Rdf1 Rhe8 26. f4 Rd7 27. f5 Nc7 28. fxg6 fxg6 29. Rf6 Re6 30. Rhf1 Rde7 31. Qa5 Rxf6 32. Rxf6 Re6 33. Rf7 Re7 34. Rf8+ Re8 35. Rxe8+ Nxe8 36. Qa8+ Kd7 37. Qxb7+ Nc7 38. Nc1 Qf8 39. Qa7 Qf4 40. Qc5 Ne6 41. Qa7+ Nc7 42. Qa5 Kd6 43. Qb4+ Kd7 44. Qc4 Qxh4 45. Qf7+ Kc8 46. Qxg6 Kb7 47. Qh6 Qg4 48. g6 Ne6 49. Qh7+ Kb6 50. Na2 h4 51. Nb4 h3 52. Qd7 h2 53. Qxc6+ Ka7 54. Qxa4+ Kb8 55. Qe8+ Kc7 56. Nd5+ Kd6 57. Qe7+ Kc6 58. Nb4+ Kb6 59. Qd6+ Kb7 60. Qd7+ Kb8 61. Nc6+ Ka8 62. Qa7# 1-0


[Site "https://www.chess.com"]

[Event "Titled Tuesday Blitz July 11 Late 2023"]
[White "Rakitic2010"]
[Black "Adewumi, Tanitoluwa"]
[BlackFideId "30966396"]
[WhiteElo "2502"]
[BlackElo "2643"]
[Result "0-1"]
[Round "6"]
[TimeControl "180+2"]
[Date "2023.07.11"]
[WhiteClock "0:00:14"]
[BlackClock "0:00:34"]
[Board "84"]

1. e4 c5 2. Nf3 e6 3. d4 cxd4 4. Nxd4 Nc6 5. Nc3 Nf6 6. Ndb5 d6 7. Bf4 e5 8. Bg5 a6 9. Na3 b5 10. Nd5 Be7 11. Bxf6 Bxf6 12. c4 b4 13. Nc2 a5 14. g3 Bg5 15. Bg2 O-O 16. O-O g6 17. Qd3 Bh6 18. Rad1 Be6 19. f4 exf4 20. gxf4 Bg7 21. Qg3 Bxd5 22. cxd5 Ne7 23. f5 Be5 24. Qh3 Rc8 25. Ne3 Kh8 26. Ng4 Bxb2 27. Rd3 Rc3 28. Nf6 h5 29. Rxc3 Bxc3 30. Nxh5 gxh5 31. Qxh5+ Kg8 32. Rf3 Be5 33. Qg4+ Bg7 34. Rg3 Nxf5 35. exf5 Qf6 36. Qg5 Qd4+ 37. Qe3 Qxe3+ 0-1


[Site "https://www.chess.com"]

[Event "Titled Tuesday Blitz July 11 Late 2023"]
[White "Ambartsumova, Karina"]
[Black "Mei, Austin"]
[WhiteFideId "4166299"]
[BlackFideId "30948479"]
[WhiteElo "2600"]
[BlackElo "2495"]
[Result "1-0"]
[Round "6"]
[TimeControl "180+2"]
[Date "2023.07.11"]
[WhiteClock "0:00:14"]
[BlackClock "0:00:04"]
[Board "85"]

1. d4 f5 2. Bf4 Nf6 3. Nc3 d5 4. Nf3 e6 5. Ne5 Bd6 6. e3 O-O 7. Bd3 c5 8. O-O Nc6 9. Nxc6 bxc6 10. Bxd6 Qxd6 11. Na4 c4 12. Be2 e5 13. b3 cxb3 14. axb3 e4 15. g3 g5 16. f4 exf3 17. Bxf3 Ba6 18. Rf2 Rae8 19. Nc5 Bc8 20. Rxa7 Rxe3 21. Qd2 Rfe8 22. Ne4 Re1+ 23. Qxe1 dxe4 24. Qe3 f4 25. gxf4 exf3 26. Qxf3 Qxd4 27. Ra4 Qd5 28. Qxd5+ Nxd5 29. fxg5 Bh3 30. Rd2 Re1+ 31. Kf2 Rf1+ 32. Kg3 Bf5 33. Ra8+ Kf7 34. c4 Ne7 35. Rf2 Rb1 36. Rf3 Ke6 37. Ra7 Bc2 38. Re3+ Kf5 39. Raxe7 Rxb3 40. Rxb3 Bxb3 41. c5 Kxg5 42. Rxh7 Bd5 43. Rd7 Be4 44. Rd6 Kf5 45. h4 Bh1 46. h5 Kg5 47. h6 Be4 48. Kf2 Kh5 49. Ke3 Bg6 50. Rxc6 Kxh6 51. Rxg6+ Kxg6 52. c6 Kf7 53. c7 Ke7 54. c8=Q Kd6 1-0


[Site "https://www.chess.com"]

[Event "Titled Tuesday Blitz July 11 Late 2023"]
[White "Grinev, Valeriy"]
[Black "JERO-8914"]
[WhiteFideId "14117517"]
[WhiteElo "2581"]
[BlackElo "2472"]
[Result "0-1"]
[Round "6"]
[TimeControl "180+2"]
[Date "2023.07.11"]
[WhiteClock "0:01:20"]
[BlackClock "0:01:29"]
[Board "86"]

1. e4 c6 2. d4 d5 3. e5 Bf5 4. Nf3 e6 5. Be2 Nd7 6. O-O Ne7 7. a4 a5 8. Na3 Ng6 9. c4 Bxa3 10. Rxa3 dxc4 11. Bxc4 O-O 12. Bg5 Qc7 13. h4 h6 14. Be3 Nb6 15. Bd3 Bxd3 16. Qxd3 Nd5 17. h5 Nge7 18. Bd2 Rfd8 19. Qe4 Qb6 20. Bc1 c5 21. dxc5 Qxc5 22. Nd4 Qc4 23. Rg3 Nf5 24. Rd1 Nb4 25. b3 Rxd4 26. Rxd4 Qxd4 27. Qxd4 Nxd4 28. Bxh6 Ne2+ 29. Kh2 Nxg3 30. fxg3 gxh6 0-1


[Site "https://www.chess.com"]

[Event "Titled Tuesday Blitz July 11 Late 2023"]
[White "Flynn, Jacob"]
[Black "Bruedigam, Martin"]
[WhiteFideId "2509393"]
[BlackFideId "24608033"]
[WhiteElo "2460"]
[BlackElo "2554"]
[Result "1-0"]
[Round "6"]
[TimeControl "180+2"]
[Date "2023.07.11"]
[WhiteClock "0:00:49"]
[BlackClock "0:00:00"]
[Board "87"]

1. d4 Nf6 2. c4 g6 3. Nc3 d5 4. Nf3 Bg7 5. e3 O-O 6. Qb3 e6 7. Bd2 b6 8. Be2 Bb7 9. cxd5 Nxd5 10. O-O Nd7 11. Rfd1 Qe7 12. Rac1 Rfc8 13. Nxd5 Bxd5 14. Qa4 c5 15. Bb5 Nf6 16. Ne5 cxd4 17. exd4 Ne4 18. Be3 Nd6 19. Ba6 Rxc1 20. Rxc1 h6 21. h3 Kh7 22. Qb4 Bf8 23. Bf4 Kg7 24. Nd3 Ne8 25. Qd2 Rd8 26. Be5+ Kh7 27. a3 Ba8 28. Bb5 Bg7 29. Bxe8 Qxe8 30. Rc7 Bxe5 31. Nxe5 Kg8 32. Qxh6 Rxd4 33. Rxf7 Rd1+ 34. Kh2 1-0


[Site "https://www.chess.com"]

[Event "Titled Tuesday Blitz July 11 Late 2023"]
[White "Martin Barcelo, Carles"]
[Black "ATM622"]
[WhiteFideId "24561444"]
[WhiteElo "2440"]
[BlackElo "2550"]
[Result "0-1"]
[Round "6"]
[TimeControl "180+2"]
[Date "2023.07.11"]
[WhiteClock "0:00:00"]
[BlackClock "0:00:21"]
[Board "88"]

1. e4 c6 2. Nf3 d5 3. Nc3 dxe4 4. Nxe4 Bf5 5. Ng3 Bg6 6. h4 h6 7. Ne5 Bh7 8. Bc4 e6 9. Qh5 g6 10. Qe2 Qe7 11. d4 Bg7 12. Bd2 Nf6 13. O-O-O Nbd7 14. a3 a5 15. Rhe1 O-O 16. Ba2 Nxe5 17. dxe5 Nd5 18. f4 Qxh4 19. Ne4 Nxf4 20. Qf3 Nd5 21. Bxd5 cxd5 22. Nf6+ Bxf6 23. exf6 h5 24. Rh1 Qe4 25. Qg3 g5 26. Qxg5+ Bg6 27. Kb1 Qxc2+ 28. Ka1 Qf5 29. Qh6 Qxf6 30. Bc3 e5 31. Rxd5 Rfe8 32. Rdd1 Qg7 33. Qg5 Bc2 34. Qxg7+ Kxg7 35. Rde1 f6 36. Rxh5 Bg6 37. Rh3 Rh8 38. Rhe3 Rh2 39. g4 Rg2 40. Rd1 Rf8 41. Rd7+ Rf7 42. Rxf7+ Bxf7 43. Re4 b6 44. a4 Bd5 45. Re1 Rxg4 46. Kb1 Rxa4 47. Rg1+ Kf7 0-1


[Site "https://www.chess.com"]

[Event "Titled Tuesday Blitz July 11 Late 2023"]
[White "Castella Garcia, Fausto"]
[Black "Rottenwohrer Suarez, Juan"]
[WhiteFideId "3501922"]
[BlackFideId "32068182"]
[WhiteElo "2403"]
[BlackElo "2538"]
[Result "0-1"]
[Round "6"]
[TimeControl "180+2"]
[Date "2023.07.11"]
[WhiteClock "0:00:00"]
[BlackClock "0:00:02"]
[Board "89"]

1. e4 c5 2. Nf3 g6 3. Bc4 Nc6 4. O-O Bg7 5. c3 e6 6. d4 cxd4 7. Nxd4 d5 8. exd5 exd5 9. Bb5 Ne7 10. Bg5 f6 11. Be3 O-O 12. Bxc6 bxc6 13. Na3 Qd6 14. Re1 Bd7 15. Qd2 c5 16. Nb3 d4 17. Bf4 Qd5 18. c4 Qf7 19. Nxc5 Rfd8 20. Bc7 Rdc8 21. Bd6 Nf5 22. Ne4 Bc6 23. c5 Qd5 24. f3 Ne3 25. Nc2 Nxc2 26. Qxc2 f5 27. Nd2 d3 28. Qc4 Bxb2 29. Rab1 Bd4+ 30. Kh1 Qxc4 31. Nxc4 Bd5 32. Ne5 d2 33. Red1 Bxc5 34. Bxc5 Rxc5 35. Rxd2 Bxa2 36. Re1 Re8 37. f4 Bd5 38. h4 Be4 39. Rd7 a5 40. Red1 Rc2 41. R1d4 Ra2 42. Kh2 Rxg2+ 43. Kh3 Ra2 44. Rc7 Ra3+ 45. Kh2 Ra2+ 46. Kg1 Rb8 47. Rd1 a4 48. Rdc1 a3 49. Rc8+ Rxc8 50. Rxc8+ Kg7 51. Rc7+ Kf8 52. Rxh7 Ra1+ 53. Kf2 a2 54. Ra7 Bd5 55. Ke3 Re1+ 56. Kd4 Bb3 0-1


[Site "https://www.chess.com"]

[Event "Titled Tuesday Blitz July 11 Late 2023"]
[White "K2JW"]
[Black "Aggelis, Nikolaos"]
[BlackFideId "4213220"]
[WhiteElo "2383"]
[BlackElo "2536"]
[Result "0-1"]
[Round "6"]
[TimeControl "180+2"]
[Date "2023.07.11"]
[WhiteClock "0:00:00"]
[BlackClock "0:00:14"]
[Board "90"]

1. d4 f5 2. c4 Nf6 3. g3 g6 4. Bg2 Bg7 5. Nf3 O-O 6. O-O d6 7. Nc3 c6 8. d5 e5 9. dxe6 Bxe6 10. b3 Ne4 11. Nxe4 Bxa1 12. Nxd6 Bf6 13. Nxb7 Qb6 14. Qd6 Qxb7 15. Qxe6+ Qf7 16. Ng5 Bxg5 17. Qxf7+ Kxf7 18. Bxg5 Re8 19. Be3 Rd8 20. Rc1 a5 21. Kf1 Ra6 22. Ke1 Nd7 23. Rd1 Ke8 24. Bg5 Rb8 25. Rd6 Rbb6 26. Re6+ Kf8 27. Re7 h6 28. Rxd7 hxg5 29. Rd6 a4 30. c5 axb3 31. axb3 Rxb3 32. Rxg6 Ra1+ 33. Kd2 Ra2+ 34. Kc1 Rc3+ 35. Kd1 Rxc5 36. Rxc6 Rxc6 37. Bxc6 Ke7 38. Bf3 Kf6 39. Ke1 g4 40. Bg2 Ra1+ 41. Kd2 Rg1 42. Bc6 Kg5 43. Ke3 Rc1 44. Bg2 Rc7 45. Kd2 Rh7 46. h4+ gxh3 47. Bh1 f4 0-1


[Site "https://www.chess.com"]

[Event "Titled Tuesday Blitz July 11 Late 2023"]
[White "Thorfinnsson, Bragi"]
[Black "GAO"]
[WhiteFideId "2300958"]
[WhiteElo "2533"]
[BlackElo "2388"]
[Result "0-1"]
[Round "6"]
[TimeControl "180+2"]
[Date "2023.07.11"]
[WhiteClock "0:00:00"]
[BlackClock "0:00:11"]
[Board "91"]

1. d4 Nf6 2. Bg5 e6 3. Nd2 d5 4. e3 Be7 5. c3 O-O 6. f4 Ne4 7. Nxe4 dxe4 8. Bxe7 Qxe7 9. Qc2 f5 10. O-O-O a5 11. g4 a4 12. a3 Nc6 13. Ne2 Na5 14. Ng3 Bd7 15. Rg1 Kh8 16. d5 exd5 17. Rxd5 Nb3+ 18. Kb1 Rad8 19. Bc4 Be6 20. Rxd8 Rxd8 21. Bxe6 Qxe6 22. Rd1 Rd5 23. Nxf5 Qd7 24. Rxd5 Qxd5 25. Nd4 Qc4 26. Qd1 Nc5 27. Nc2 Nd3 28. Nb4 g5 29. f5 Nxb4 0-1


[Site "https://www.chess.com"]

[Event "Titled Tuesday Blitz July 11 Late 2023"]
[White "Mattheii"]
[Black "Vujacic, Igor"]
[BlackFideId "932620"]
[WhiteElo "2523"]
[BlackElo "2211"]
[Result "0-1"]
[Round "6"]
[TimeControl "180+2"]
[Date "2023.07.11"]
[WhiteClock "0:00:23"]
[BlackClock "0:00:21"]
[Board "92"]

1. c4 e6 2. d4 d5 3. Nc3 a6 4. cxd5 exd5 5. Qb3 c5 6. Nf3 c4 7. Qc2 Nc6 8. e4 Nb4 9. Qb1 b5 10. a3 Nc6 11. Nxd5 Be6 12. Nf4 Nxd4 13. Nxd4 Qxd4 14. Nxe6 fxe6 15. Be3 Qe5 16. Be2 Bc5 17. Bxc5 Qxc5 18. O-O Nf6 19. e5 Nd7 20. Bg4 Qe7 21. Qe4 O-O 22. f4 Nc5 23. Qe3 Rad8 24. Rad1 Nd3 25. b3 Rfe8 26. bxc4 bxc4 27. Qe4 Qc5+ 28. Kh1 Nf2+ 29. Rxf2 Rxd1+ 30. Bxd1 Qxf2 31. h3 Qf1+ 32. Kh2 Qxd1 0-1


[Site "https://www.chess.com"]

[Event "Titled Tuesday Blitz July 11 Late 2023"]
[White "Schnaider, Ilan"]
[Black "Cooper, Aaron"]
[WhiteFideId "169013"]
[BlackFideId "2634945"]
[WhiteElo "2645"]
[BlackElo "2249"]
[Result "0-1"]
[Round "6"]
[TimeControl "180+2"]
[Date "2023.07.11"]
[WhiteClock "0:00:00"]
[BlackClock "0:00:59"]
[Board "93"]

1. e4 c5 2. Nf3 d6 3. d4 cxd4 4. Nxd4 Nf6 5. Nc3 g6 6. Bc4 Nc6 7. O-O Bg7 8. Nxc6 bxc6 9. f3 Qb6+ 10. Kh1 O-O 11. Qe1 Ba6 12. Be3 Qb7 13. Bxa6 Qxa6 14. Qh4 Rab8 15. f4 Rxb2 16. e5 Nd5 17. Nxd5 cxd5 18. Qxe7 Rxa2 19. Rae1 dxe5 20. fxe5 Rxc2 21. Bd4 Re2 22. Ra1 Qc4 23. Rad1 Rd2 24. e6 Rxd4 25. exf7+ Kh8 26. Rb1 Rf4 27. Rfe1 R4xf7 0-1


[Site "https://www.chess.com"]

[Event "Titled Tuesday Blitz July 11 Late 2023"]
[White "Vlassov, Nikolai"]
[Black "Krzywda, Andrzej"]
[WhiteFideId "4103360"]
[BlackFideId "1114565"]
[WhiteElo "2575"]
[BlackElo "2382"]
[Result "0-1"]
[Round "6"]
[TimeControl "180+2"]
[Date "2023.07.11"]
[WhiteClock "0:00:00"]
[BlackClock "0:00:09"]
[Board "94"]

1. e4 e5 2. Bc4 Nf6 3. d3 c6 4. Nf3 d5 5. Bb3 a5 6. Nc3 Bb4 7. a3 Bxc3+ 8. bxc3 a4 9. Ba2 O-O 10. Nxe5 dxe4 11. O-O exd3 12. cxd3 Na6 13. Qxa4 Nc7 14. Qh4 Qd6 15. Bf4 Qc5 16. Nxf7 Ncd5 17. Bd6 Qxc3 18. Bxf8 Kxf7 19. Bb4 Qxd3 20. Rad1 Qg6 21. Rfe1 Be6 22. h3 Re8 23. Bc5 Qc2 24. Bb1 Qxc5 25. a4 Qb4 26. Qg3 Qxa4 27. Bd3 Qf4 28. Rb1 Qxg3 29. fxg3 b5 30. Rec1 Rc8 31. g4 h6 32. Bf1 Ne4 33. Kh2 Nec3 34. Rb2 c5 35. Bxb5 Rb8 36. Rf2+ Nf6 37. Bd3 Rb3 38. Bc2 Ra3 39. Rf3 Nb5 40. Bd3 Nd4 41. Bg6+ Kxg6 42. Rxa3 c4 43. Ra4 Ne4 44. Rcxc4 Bxc4 45. Rxc4 Ne6 46. Rxe4 Ng5 47. Re5 Nf7 48. Ra5 Kh7 49. Ra6 Ne5 50. Kg3 Nd3 51. h4 Nc5 52. Ra7 Ne6 53. Kf3 Nd4+ 54. Ke4 Ne6 55. Re7 Nc5+ 56. Kd4 Nb3+ 57. Kc4 Nd2+ 58. Kc3 Nf1 59. Kd3 h5 60. gxh5 Ng3 61. h6 Kxh6 62. Ra7 Nf5 0-1


[Site "https://www.chess.com"]